Map: Orbital Shipyard

Players

Javert

  • Race: Zerg Zerg
  • League: Gold

Uggles - Winner!

  • Race: Protoss Protoss
  • League: Gold

VOD

Have the link to the VOD?

Description

Time

  • Played on: Sept. 8, 2015, 10:07 p.m.
  • Length: 7:45
Show
View Real Time Build Order
Export as new Build Order

Javert Zerg 

Build Orders: Hatch First 

Get SALT Encoding   

  12  0:01  Drone  
  13  0:16  Overlord  
  14  0:21  Drone  
  14  0:35  Drone x2  
  16  0:40  Drone  
  17  0:55  Drone  
  18  0:58  Hatchery  
  18  1:00  Extractor  
  18  1:04  Drone  
  17  1:13  Drone  
  18  1:27  Spawning Pool  
  18  1:29  Drone  
  18  1:33  Drone  
  19  1:44  Drone  
  20  1:54  Drone  
  21  2:06  Overlord  
  21  2:14  Metabolic Boost  
  21  2:15  Queen  
  21  2:16  Queen  
  21  2:22  Drone  
  26  2:23  Drone  
  26  2:28  Drone  
  26  2:29  Drone  
  29  2:49  Drone x4  
  33  2:52  Queen  
  35  3:02  Overlord x2  
  35  3:08  Drone  
  36  3:22  Roach Warren  
  36  3:23  Drone x4  
  36  3:24  Drone x2, Extractor  
  40  3:34  Drone x2  
  40  3:35  Drone x2  
  44  3:43  Overlord x2  
  44  4:03  Roach x4  
  44  4:07  Hatchery  
  51  4:15  Roach x2  
  51  4:16  Roach x3  
  61  4:26  Overlord x2  
  61  4:34  Overlord x2  
  61  4:41  Lair  
  61  4:43  Drone x3  
  61  4:44  Drone x3  
  61  4:45  Extractor  
  66  4:49  Evolution Chamber  
  66  4:51  Evolution Chamber  
  64  5:01  Overlord  
  64  5:02  Drone x4  
  68  5:15  Zergling x2  
  68  5:16  Zergling x6  
  72  5:27  Zerg Missile Weapons Level 1, Zerg Ground Armor Level 1  
  72  5:31  Zergling x2  
  72  5:32  Zergling x14  
  80  5:39  Overlord x2  
  80  5:41  Drone  
  80  5:42  Drone x2, Glial Reconstitution  
  83  5:52  Overlord x2  
  83  5:53  Drone x3  
  67  6:23  Drone  
  67  6:24  Drone x6  
  67  6:27  Hydralisk Den, Extractor  
  67  6:31  Overlord x2  
  67  6:32  Drone x3  
  64  6:33  Drone  
  64  6:38  Roach x6  
  77  6:42  Queen  
  77  6:44  Roach x2  
  77  6:45  Hatchery, Roach  
  84  6:51  Roach x3, Extractor  
  84  6:52  Roach, Extractor  
  90  7:07  Roach x2  
  90  7:08  Roach x4  
  100  7:16  Zergling x14  
Show
View Real Time Build Order
Export as new Build Order

Uggles Protoss - Winner!

Build Orders: 1 Gate Expand 

Get SALT Encoding   

  12  0:07  Probe (Chrono Boost)  
  13  0:17  Probe (Chrono Boost), Pylon  
  14  0:27  Probe (Chrono Boost)  
  15  0:38  Probe (Chrono Boost)  
  15  0:39  Gateway  
  16  0:48  Probe (Chrono Boost)  
  17  0:54  Assimilator  
  17  0:58  Probe (Chrono Boost)  
  18  1:08  Probe (Chrono Boost)  
  19  1:18  Probe (Chrono Boost)  
  20  1:27  Nexus  
  20  1:31  Assimilator  
  20  1:33  Probe (Chrono Boost)  
  21  1:42  Pylon  
  21  1:43  Probe (Chrono Boost)  
  22  1:50  Cybernetics Core  
  22  1:56  Probe (Chrono Boost)  
  23  2:08  Probe (Chrono Boost)  
  24  2:16  Assimilator  
  24  2:18  Probe (Chrono Boost)  
  25  2:27  Warp Gate  
  25  2:28  Probe (Chrono Boost)  
  26  2:30  Forge  
  26  2:38  Probe (Chrono Boost)  
  26  2:42  Probe (Chrono Boost)  
  28  2:48  Probe (Chrono Boost)  
  28  2:49  Gateway  
  29  2:52  Probe (Chrono Boost)  
  30  2:58  Mothership Core (Chrono Boost)  
  30  3:02  Probe (Chrono Boost)  
  30  3:04  Protoss Ground Weapons Level 1, Assimilator  
  33  3:12  Probe (Chrono Boost)  
  34  3:16  Probe (Chrono Boost)  
  35  3:22  Probe (Chrono Boost)  
  35  3:23  Adept  
  35  3:26  Probe (Chrono Boost)  
  39  3:32  Probe (Chrono Boost)  
  39  3:33  Assimilator  
  40  3:36  Probe (Chrono Boost), Pylon  
  40  3:38  Adept  
  40  3:40  Pylon  
  43  3:42  Probe (Chrono Boost)  
  43  3:45  Twilight Council  
  44  3:50  Stalker  
  46  4:01  Probe x2 (Chrono Boost)  
  47  4:11  Probe x2 (Chrono Boost)  
  47  4:16  Blink (Chrono Boost)  
  49  4:19  Stalker  
  49  4:22  Probe x2 (Chrono Boost)  
  53  4:34  Probe x2, Pylon  
  53  4:35  Gateway  
  53  4:37  Gateway  
  55  4:41  Gateway  
  55  4:42  Gateway  
  55  4:47  Gateway  
  55  4:54  Protoss Ground Weapons Level 2  
  55  4:55  Robotics Facility  
  55  4:57  Stalker  
  57  5:29  Stalker x2  
  61  5:43  Stalker x2  
  61  5:44  Stalker  
  61  5:49  Warp Prism  
  69  5:53  Pylon  
  69  5:54  Pylon  
  69  5:56  Pylon  
  69  5:58  Pylon  
  65  6:16  Zealot x3  
  65  6:17  Stalker x3  
  65  6:18  Stalker  
  69  6:41  Stalker x7  
  69  6:43  Pylon  
  83  6:54  Pylon  
  83  7:05  Stalker x4  
  83  7:06  Stalker x2  
  83  7:07  Stalker  
  91  7:42  Zealot x3  
  91  7:43  Zealot x4  
Tags
 
Add a new tag
Caveats
  • Supply blocks, unpowered buildings, or Contaminate may cause inaccurate times.
  • Supply counts are checked every 10 seconds.